 Dungeon Crawl Stone Soup version 0.31-a0-18-gea43df2a32 (webtiles) character file.

Game seed: 9315686723379624045

604 BlueFish the Conjurer (level 7, -10/60 HPs)
             Began as a Grey Draconian Conjurer on May 10, 2023.
             Was an Initiate of Vehumet.
             Mangled by Edmund
             ... wielding a +0 heavy flail
              (13 damage)
             ... on level 5 of the Dungeon.
             The game lasted 00:08:12 (4526 turns).

BlueFish the Conjurer (Grey Draconian Conjurer)     Turns: 4526, Time: 00:08:12

Health: -10/60     AC: 13    Str:  9    XL:     7   Next: 18%
Magic:  1/11       EV: 12    Int: 20    God:    Vehumet [......]
Gold:   239        SH:  0    Dex: 10    Spells: 9/12 levels left

rFire   . . .        b - +1 dagger (venom)
rCold   . . .        (no shield)
rNeg    . . .        (body armour unavailable)
rPois   .            (helmet restricted)
rElec   .            x - +0 cloak
rCorr   .            c - +0 pair of gloves
SInv    .            (no boots)
Will    .....        (no amulet)
Stlth   ++           (no ring)
HPRegen 0.30/turn    (no ring)
MPRegen 0.12/turn

%: no passive effects
@: no status effects
A: AC +11, amphibious, unfitting armour, cold-blooded
a: Renounce Religion


You were on level 5 of the Dungeon.
You worshipped Vehumet.
Vehumet was noncommittal.
You visited 2 branches of the dungeon, and saw 6 of its levels.
You also visited: Ossuary.

You collected 239 gold pieces.

Inventory:

Hand Weapons
 a - a +0 long sword of electrocution
 b - a +1 dagger of venom (weapon)
Armour
 c - a +0 pair of gloves (worn)
 x - a +0 cloak (worn)
Wands
 n - a wand of flame (11)
 o - a wand of polymorph (5)
 s - a wand of iceblast (20)
Scrolls
 f - 2 scrolls of enchant weapon {unknown}
 g - a scroll of acquirement {unknown}
 h - a scroll of immolation {unknown}
 j - 2 scrolls of identify {unknown}
 k - a scroll of torment {unknown}
 l - a scroll of teleportation
 q - a scroll of fear {unknown}
 u - a scroll of silence {unknown}
 v - a scroll of blinking
 y - a scroll of enchant armour {unknown}
 C - a scroll of amnesia {unknown}
 D - a scroll of poison {unknown}
Potions
 d - 3 potions of curing
 e - a potion of magic
 i - 2 potions of attraction {unknown}
 m - a potion of cancellation {unknown}
 p - a potion of lignification {unknown}
 r - 2 potions of berserk rage {unknown}
 t - 5 potions of degeneration {unknown}
 w - a potion of heal wounds
 z - 5 potions of flight {unknown}
 A - a potion of haste {unknown}
 B - a potion of mutation {unknown}
 E - a potion of brilliance {unknown}


   Skills:
 * Level 4.3 Fighting
 + Level 2.0(2.1) Short Blades
 - Level 1.0(1.6) Long Blades
 + Level 3.1 Dodging
 + Level 3.3 Stealth
 + Level 3.2 Spellcasting
 + Level 4.9 Conjurations
 + Level 0.2 Evocations


You had 9 spell levels left.
You knew the following spells:

 Your Spells              Type           Power      Damage    Failure   Level
a - Magic Dart            Conj           92%        1d7       1%          1
b - Searing Ray           Conj           46%        2d6       2%          2

Your spell library contained the following spells:

 Spells                   Type           Power      Damage    Failure   Level
 Freeze                   Ice            12%        1d3       14%         1
 Dazzling Flash           Conj/Hex       26%        N/A       16%         3
 Hailstorm                Conj/Ice       13%        3d5       16%         3
 Lesser Beckoning         Tloc           6%         N/A       22%         2
 Frozen Ramparts          Ice            6%         1d1       38%         3
 Gell's Gravitas          Tloc           3%         N/A       38%         3
 Teleport Other           Tloc           3%         N/A       38%         3
 Fulminant Prism          Conj/Hex       6%         3d7       45%         4
 Iskenderun's Mystic Bla  Conj/Tloc      13%        2d5       45%         4


Dungeon Overview and Level Annotations

Branches:
Dungeon (5/15)             Temple (1/1) D:5         Ossuary (visited)

Altars:
Cheibriados
Hepliaklqana
Kikubaaqudgha
Makhleb
Nemelex Xobeh
Qazlal
Sif Muna
Uskayaw
Vehumet
Yredelemnul
Zin
The Shining One

Shops:
D:1 :   D:4 *

Annotations:
D:5 Edmund


Innate Abilities, Weirdness & Mutations

Your dull iron-grey scales are very hard. (AC +11)
You are amphibious.
You cannot fit into any form of body armour.
You are cold-blooded and may be slowed by cold attacks.


Message History

The searing ray hits Edmund.
Edmund is moderately wounded.
The searing ray hits Edmund!
Edmund is heavily wounded.
Edmund hits you with a +0 heavy flail!
The searing ray hits Edmund.
Edmund is heavily wounded.
You finish channelling your searing ray.
Edmund hits you but does no damage.
You barely miss Edmund.
Edmund is heavily wounded.
You closely miss Edmund.
Your tail-slap misses Edmund.
You punch Edmund, but do no damage.
Edmund is heavily wounded.
Edmund hits you with a +0 heavy flail!
You hit Edmund but do no damage.
Edmund is poisoned.
Edmund is heavily wounded.
You hit Edmund but do no damage.
Edmund looks as sick as possible!
Edmund is severely wounded.
Edmund closely misses you.
You hit Edmund but do no damage.
Edmund looks as sick as possible!
Edmund is severely wounded.
You hit Edmund but do no damage.
Edmund looks as sick as possible!
Edmund is severely wounded.
Edmund misses you.
You hit Edmund.
Edmund looks as sick as possible!
Edmund is severely wounded.
Edmund hits you with a +0 heavy flail!
You hit Edmund but do no damage.
Edmund looks as sick as possible!
Edmund is severely wounded.
You hit Edmund but do no damage.
Edmund looks as sick as possible!
Edmund is severely wounded.
Edmund hits you with a +0 heavy flail!
* * * LOW HITPOINT WARNING * * *
You hit Edmund but do no damage.
Edmund looks as sick as possible!
Edmund is severely wounded.
Edmund attacks as you move away! Edmund hits you with a +0 heavy flail!
* * * LOW HITPOINT WARNING * * *
Edmund attacks as you move away! Edmund hits you with a +0 heavy flail!
You die...

## .#############
.............#
..#...#...##.#
..#.⌠.#...##.######
###[..###.##....@.#
..........##.####@#
.⌠..>..⌠..##.#
#......!#
.............#
#......##
###...###.####
#.......#
..#.⌠.#.....#
####.##...
..#...#...#.# .# ##
..........#.# .#
...###...## # +#


You could see Edmund (extremely poisoned).

Vanquished Creatures
  An elf zombie (Ossuary)
  A scorpion (D:3)
  A howler monkey (D:4)
  A centaur zombie (Ossuary)
  2 human zombies (Ossuary)
  2 jellies
  2 hounds (D:3)
  A sleepcap (D:4)
  An iguana (D:5)
  Ijyb (D:3)
  2 mummies (Ossuary)
  A gnoll (D:3)
  2 adders
  2 adder zombies (Ossuary)
  A worm (D:4)
  2 dart slugs (D:1)
  5 orcs
  2 ball pythons
  4 endoplasms
  5 giant cockroaches
  4 goblins
  7 hobgoblins
  A quokka (D:3)
  6 bats
  2 frilled lizards (D:2)
  2 goblin zombies (Ossuary)
  7 hobgoblin zombies (Ossuary)
  2 jackal zombies (Ossuary)
  3 kobolds
  8 kobold zombies (Ossuary)
  12 orc zombies (Ossuary)
  4 rats
97 creatures vanquished.

Notes
Turn   | Place    | Note
-------+----------+-------------------------------------------
     0 | D:1      | BlueFish the Draconian Conjurer began the quest for the
                  | Orb.
     0 | D:1      | Reached XP level 1. HP: 14/14 MP: 3/3
   113 | D:1      | Found Coiclyfe's Vocational Training.
   452 | D:1      | Reached skill level 1 in Fighting
   452 | D:1      | Reached XP level 2. HP: 23/23 MP: 3/5
   467 | D:1      | Learned a level 2 spell: Searing Ray
  1180 | D:2      | Reached XP level 3. HP: 29/29 MP: 3/6
  1923 | D:3      | Noticed a scorpion
  2052 | D:3      | Noticed Ijyb
  2287 | D:3      | Killed Ijyb
  2288 | D:3      | Reached skill level 1 in Long Blades
  2288 | D:3      | Reached XP level 4. HP: 12/36 MP: 1/7
  2686 | D:3      | Reached XP level 5. HP: 38/42 MP: 3/8
  2840 | D:4      | Found a sand-covered staircase.
  2845 | Ossuary  | Entered an ossuary
  3035 | Ossuary  | Reached skill level 1 in Short Blades
  3035 | Ossuary  | Reached XP level 6. HP: 45/51 MP: 1/10
  3527 | D:4      | Found Liobu's Assorted Antiques.
  3871 | D:4      | Found a large runed translucent door.
  3874 | D:4      | Found a large runed translucent door.
  3885 | D:4      | Found a hide-covered altar of Uskayaw.
  3899 | D:4      | Found a hazy altar of Hepliaklqana.
  3998 | D:4      | Found a burning altar of Makhleb.
  4108 | D:4      | Found a sparkling altar of Nemelex Xobeh.
  4108 | D:4      | Found a transporter.
  4127 | D:4      | Your scales start taking on a dull iron-grey colour.
  4127 | D:4      | Reached XP level 7. HP: 42/59 MP: 11/11
  4230 | D:5      | Entered Level 5 of the Dungeon
  4436 | D:5      | Found a staircase to the Ecumenical Temple.
  4453 | Temple   | Entered the Ecumenical Temple
  4461 | Temple   | Became a worshipper of Vehumet
  4504 | D:5      | Noticed Edmund
  4525 | D:5      | HP: 3/60 [Edmund/+0 heavy flail (15)]
  4526 | D:5      | Mangled by Edmund

Illustrated notes

Levels and vault maps discovered:
D:1:      roderic_octagonal_star, layout_basic, nicolae_shop_vocational
D:2:      layout_basic, kennysheep_another_room
D:3:      layout_rooms, serial_bayou_pond_c, nrook_mini_backslash,
          cheibrodos_gnoll_hut, uniq_ijyb
D:4:      layout_cave_pools, grunt_nemelex_the_gamble, jmf_multi_god_temple2,
          mainiacjoe_overflow_six_doors_small, serial_shops, shop,
          enter_ossuary_2
D:5:      layout_loops_corners, fedhas_altar_2, minmay_temple_entry_junction_2,
          uniq_edmund
Temple:   eino_narrow_crystal_temple

Skill      XL: |  1  2  3  4  5  6  7 |
---------------+----------------------+-----
Stealth        | 2 3 |  3.3
Fighting       | 1 2 3 4 |  4.3
Dodging        | 2 3 |  3.1
Long Blades    | 1 |  1.0
Short Blades   | 1 2 |  2.0
Spellcasting   | 3 |  3.2
Conjurations   | |  4.9
Evocations     | |  0.2

Action                     |  1- 3 |  4- 6 |  7- 9 || total
---------------------------+-------+-------+-------++-------
  Melee: Unarmed           |    14 |       |       ||    14
         Long sword        |    25 |   106 |       ||   131
         Tailslap          |     3 |    15 |     1 ||    19
         Dagger            |       |    24 |    15 ||    39
         Punch             |       |     1 |     1 ||     2
   Cast: Magic Dart        |    59 |    39 |    12 ||   110
         Searing Ray       |     2 |     7 |     2 ||    11
    Use: Scroll            |     1 |     1 |       ||     2
         Potion            |     1 |       |       ||     1
   Stab: Sleeping          |       |     2 |     1 ||     3
 Armour: Skin              |    13 |    49 |     1 ||    63
  Dodge: Dodged            |    31 |   111 |     5 ||   147

Table legend: (Time is in decaauts)
 A = Elapsed time spent in this place.
 B = Non-inter-level travel time spent in this place.
 C = Inter-level travel time spent in this place.
 D = Time resting spent in this place.
 E = Time spent auto-exploring this place.
 F = Levels seen in this place.
 G = Mean time per level.
                   A        B        C        D        E       F      G
               +--------+--------+--------+--------+--------+-----+--------+
         Total |   4567 |   4222 |    345 |      5 |   3353 |   7 |  652.4 |
       Dungeon |   3970 |   3633 |    337 |      5 |   3083 |   5 |  794.0 |
        Temple |     16 |      8 |      8 |      0 |      0 |   1 |   16.0 |
       Ossuary |    580 |    580 |      0 |      0 |    270 |   1 |  580.0 |
               +--------+--------+--------+--------+--------+-----+--------+

Top non-repeatable levels by time:
     D:2: 1057 daAuts
     D:1: 1010 daAuts
     D:3: 819 daAuts
     D:4: 805 daAuts
 Ossuary: 580 daAuts
     D:5: 277 daAuts
  Temple: 16 daAuts
